 Dungeon Crawl Stone Soup version 0.28-a0-750-g7c675f85b1 (webtiles) character file.

Game seed: 7251129613888201733

854 mandarbmax the Covered (level 8, 0/63 HPs)
             Began as a Gnoll Wanderer on Oct 30, 2021.
             Slain by a steam dragon (9 damage)
             ... on level 4 of the Dungeon.
             The game lasted 00:12:03 (4625 turns).

mandarbmax the Covered (Gnoll Wanderer)             Turns: 4625, Time: 00:12:04

Health: 0/63       AC:  8    Str: 14    XL:     8   Next: 1%
Magic:  0/13       EV: 11    Int: 12    God:
Gold:   154        SH:  0    Dex: 11    Spells: 8/12 levels left

rFire   . . .      SeeInvis .   a - +3 dagger
rCold   . . .      Faith    +   (no shield)
rNeg    . . .      Spirit   .   c - +0 ring mail
rPois   .          Reflect  .   m - +2 hat
rElec   .          Harm     .   (no cloak)
rCorr   .          Rampage  .   (no gloves)
Will    +....                   (no boots)
Stlth   ++........              i - amulet of faith
HPRegen 0.20/turn               (no ring)
MPRegen 0.13/turn               (no ring)

@: very slightly contaminated
A: fangs 1, strong nose, distributed training, high mp 1, strong-willed 1
a: no special abilities


You were on level 4 of the Dungeon.
You visited 1 branch of the dungeon, and saw 4 of its levels.

You collected 154 gold pieces.

Inventory:

Hand Weapons
 a - a +3 dagger (weapon)
Missiles
 b - 2 curare-tipped darts (quivered)
Armour
 c - a +0 ring mail (worn)
 e - a +0 helmet
 m - a +2 hat (worn)
Jewellery
 i - an amulet of faith (around neck)
Potions
 j - a potion of flight
 l - 2 potions of haste


   Skills:
 + Level 5.4 Fighting
 + Level 2.8 Short Blades
 + Level 2.8 Long Blades
 + Level 2.8 Axes
 + Level 3.9 Maces & Flails
 + Level 2.8 Polearms
 + Level 2.8 Staves
 + Level 2.8 Slings
 + Level 2.8 Bows
 + Level 2.8 Crossbows
 + Level 3.9 Throwing
 + Level 5.4 Armour
 + Level 2.8 Dodging
 + Level 3.7 Stealth
 + Level 2.8 Shields
 + Level 2.8 Unarmed Combat
 + Level 2.8 Spellcasting
 + Level 2.3 Conjurations
 + Level 2.3 Hexes
 + Level 2.3 Summonings
 + Level 2.3 Necromancy
 + Level 4.5 Translocations
 + Level 2.3 Transmutations
 + Level 2.3 Fire Magic
 + Level 2.3 Ice Magic
 + Level 2.3 Air Magic
 + Level 3.2 Earth Magic
 + Level 2.3 Poison Magic
 + Level 3.1 Invocations
 + Level 2.8 Evocations


You had 8 spell levels left.
You knew the following spells:

 Your Spells              Type           Power      Damage    Failure   Level
a - Sandblast             Erth           18%        2d7       13%         1
b - Stone Arrow           Conj/Erth      16%        3d8       41%         3

Your spell library contained the following spells:

 Spells                   Type           Power      Damage    Failure   Level
 Sublimation of Blood     Necr           3%         N/A       28%         2
 Wereblood                Tmut           7%         N/A       28%         2
 Summon Hydra             Summ           3%         N/A       100%        7


Dungeon Overview and Level Annotations

Branches:
Dungeon (4/15)
 Temple: D:4-7

Altars:

Annotations:
D:4 Edmund


Innate Abilities, Weirdness & Mutations

You have very sharp teeth.
Your uncanny sense of smell can sniff out nearby items.
Your experience applies equally to all skills.
You have an increased reservoir of magic. (+10% MP)
You are strong-willed. (Will+)


Message History

You hit the steam dragon.
The steam dragon is severely wounded.
The steam dragon bites you but does no damage.
The steam dragon closely misses you.
Casting: Stone Arrow (dangerous; 41% risk of failure)
Confirm with . or Enter, or press ? or * to list all spells.
Aiming: Stone Arrow (dangerous; 41% risk of failure)
Press: ? - help, Shift-Dir - straight line, f/p - steam dragon
Aim: a steam dragon (severely wounded, 64% to hit)
You miscast Stone Arrow.
Nothing appears to happen.
The steam dragon misses you.
The steam dragon claws you but does no damage.
Unknown command.
You completely miss the steam dragon.
The steam dragon is severely wounded.
The steam dragon bites you but does no damage.
The steam dragon closely misses you.
You hit the steam dragon.
The steam dragon is severely wounded.
You closely miss the steam dragon.
The steam dragon is severely wounded.
The steam dragon barely misses you. The steam dragon claws you.
Casting: Stone Arrow (dangerous; 41% risk of failure)
Confirm with . or Enter, or press ? or * to list all spells.
Aiming: Stone Arrow (dangerous; 41% risk of failure)
Press: ? - help, Shift-Dir - straight line, f/p - steam dragon
Aim: a steam dragon (severely wounded, 64% to hit)
You miscast Stone Arrow.
You are caught in a violent explosion!
The steam dragon breathes steam at you. The ball of steam hits you!
* * * LOW HITPOINT WARNING * * *
You hear a shout!
You closely miss the steam dragon.
The steam dragon is severely wounded.
The steam dragon bites you.
* * * LOW HITPOINT WARNING * * *
The steam dragon claws you.
* * * LOW HITPOINT WARNING * * *
The steam dragon bites you!
You die...

##############
#.....§§@§...#
#..<(.§§§D...#
#.....§§§§...#
#####....######.#
##..##....# ..#
#.........# ..D#
#.........# ...##
#.........# .O..
#.........#.....


You could see a steam dragon (catching breath).

Vanquished Creatures
  Grinder (D:3)
  Sigmund (D:4)
  A scorpion (D:4)
  4 killer bees
  An orc priest (D:3)
  2 orc wizards (D:3)
  7 adders
  4 gnolls
  3 orcs (D:3)
  5 ball pythons
  7 endoplasms
  4 giant cockroaches
  8 goblins
  3 hobgoblins
  10 jackals
  3 kobolds
  2 bats
  7 frilled lizards
  2 rats
75 creatures vanquished.

Vanquished Creatures (others)
  4 fungi (D:1)
  9 plants (D:1)
13 creatures vanquished.

Grand Total: 88 creatures vanquished

Notes
Turn   | Place    | Note
-------+----------+-------------------------------------------
     0 | D:1      | mandarbmax the Gnoll Wanderer began the quest for the Orb.
     0 | D:1      | mandarbmax set off with the following items: a +2 dagger, 3
                  | curare-tipped darts, a +0 ring mail; and the following
                  | spell memorised: Sandblast; and the following spells
                  | available to memorise: Stone Arrow
     0 | D:1      | Reached XP level 1. HP: 20/20 MP: 1/1
    54 | D:1      | Reached XP level 2. HP: 18/26 MP: 2/2
   200 | D:1      | Found a faded altar of an unknown god.
   467 | D:1      | Reached XP level 3. HP: 27/31 MP: 3/3
   956 | D:2      | Reached skill level 1 in Invocations
  1308 | D:2      | Reached skill level 1 in Short Blades
  1308 | D:2      | Reached skill level 1 in Long Blades
  1308 | D:2      | Reached skill level 1 in Axes
  1308 | D:2      | Reached skill level 1 in Polearms
  1308 | D:2      | Reached skill level 1 in Staves
  1308 | D:2      | Reached skill level 1 in Slings
  1308 | D:2      | Reached skill level 1 in Bows
  1308 | D:2      | Reached skill level 1 in Crossbows
  1308 | D:2      | Reached skill level 1 in Dodging
  1308 | D:2      | Reached skill level 1 in Shields
  1308 | D:2      | Reached skill level 1 in Unarmed Combat
  1308 | D:2      | Reached skill level 1 in Spellcasting
  1308 | D:2      | Reached skill level 1 in Evocations
  1308 | D:2      | Reached XP level 4. HP: 34/38 MP: 0/5
  1729 | D:2      | Reached skill level 1 in Conjurations
  1729 | D:2      | Reached skill level 1 in Hexes
  1729 | D:2      | Reached skill level 1 in Summonings
  1729 | D:2      | Reached skill level 1 in Necromancy
  1729 | D:2      | Reached skill level 1 in Transmutations
  1729 | D:2      | Reached skill level 1 in Fire Magic
  1729 | D:2      | Reached skill level 1 in Ice Magic
  1729 | D:2      | Reached skill level 1 in Air Magic
  1729 | D:2      | Reached skill level 1 in Poison Magic
  1735 | D:2      | Learned a level 3 spell: Stone Arrow
  2336 | D:3      | Noticed Grinder
  2343 | D:3      | Killed Grinder
  2344 | D:3      | Reached skill level 5 in Fighting
  2344 | D:3      | Reached skill level 5 in Armour
  2344 | D:3      | Reached XP level 5. HP: 44/44 MP: 5/8
  2344 | D:3      | Reached XP level 6. HP: 51/51 MP: 5/9
  2859 | D:3      | Reached XP level 7. HP: 19/56 MP: 6/10
  3346 | D:4      | Noticed Sigmund
  3362 | D:4      | Killed Sigmund
  3488 | D:3      | Gained mutation: You have an increased reservoir of magic.
                  | (+10% MP) [potion of mutation]
  3488 | D:3      | Gained mutation: You are strong-willed. (Will+) [potion of
                  | mutation]
  3744 | D:4      | Noticed Edmund
  4283 | D:4      | Reached XP level 8. HP: 36/63 MP: 8/13
  4625 | D:4      | Slain by a steam dragon

Illustrated notes

Levels and vault maps discovered:
D:1:      lemuel_arrival_rhombus, layout_rooms,
          shapermc_ecumenical_altar_mp_ritualfount, st_stairs_7,
          minmay_hedge_maze
D:2:      minmay_alternating_diamond, layout_basic, minmay_close_crescents
D:3:      layout_basic, st_stairs_12, uniq_grinder
D:4:      layout_gridville, uniq_sigmund, uniq_edmund, uniq_ijyb

Skill      XL: |  1  2  3  4  5  6  7 |
---------------+----------------------+-----
Earth Magic    | 2 3 |  3.2
Invocations    | 1 2 3 |  3.1
Short Blades   | 1 2 |  2.8
Long Blades    | 1 2 |  2.8
Axes           | 1 2 |  2.8
Polearms       | 1 2 |  2.8
Staves         | 1 2 |  2.8
Slings         | 1 2 |  2.8
Bows           | 1 2 |  2.8
Crossbows      | 1 2 |  2.8
Dodging        | 1 2 |  2.8
Shields        | 1 2 |  2.8
Unarmed Combat | 1 2 |  2.8
Spellcasting   | 1 2 |  2.8
Evocations     | 1 2 |  2.8
Conjurations   | 1 2 |  2.3
Hexes          | 1 2 |  2.3
Summonings     | 1 2 |  2.3
Necromancy     | 1 2 |  2.3
Transmutations | 1 2 |  2.3
Fire Magic     | 1 2 |  2.3
Ice Magic      | 1 2 |  2.3
Air Magic      | 1 2 |  2.3
Poison Magic   | 1 2 |  2.3
Fighting       | 5 |  5.4
Maces & Flails | 3 |  3.9
Throwing       | 3 |  3.9
Armour         | 5 |  5.4
Stealth        | 3 |  3.7
Translocations | 4 |  4.5

Action                   |  1- 3 |  4- 6 |  7- 9 || total
-------------------------+-------+-------+-------++-------
Melee: Dagger            |   108 |    87 |    89 ||   284
       Bite              |     8 |     5 |     5 ||    18
       Punch             |     1 |     2 |       ||     3
Throw: Dart              |     3 |     8 |     4 ||    15
 Cast: Sandblast         |    18 |     4 |       ||    22
       Stone Arrow       |       |     1 |     7 ||     8
  Use: Scroll            |       |     7 |       ||     7
       Potion            |       |       |     8 ||     8
 Stab: Sleeping          |       |     3 |     2 ||     5
       Invisible         |       |       |     1 ||     1
Armor: Ring mail         |    53 |    39 |    40 ||   132
Dodge: Dodged            |    67 |    34 |    56 ||   157

Table legend: (Time is in decaauts)
 A = Elapsed time spent in this place.
 B = Non-inter-level travel time spent in this place.
 C = Inter-level travel time spent in this place.
 D = Time resting spent in this place.
 E = Time spent auto-exploring this place.
 F = Levels seen in this place.
 G = Mean time per level.
                   A        B        C        D        E       F      G
               +--------+--------+--------+--------+--------+-----+--------+
         Total |   4570 |   4329 |    241 |   1204 |   2365 |   4 | 1142.5 |
       Dungeon |   4570 |   4329 |    241 |   1204 |   2365 |   4 | 1142.5 |
               +--------+--------+--------+--------+--------+-----+--------+

Top non-repeatable levels by time:
     D:3: 1689 daAuts
     D:2: 1556 daAuts
     D:1: 839 daAuts
     D:4: 485 daAuts
